[Event "Landsturneringen 2023"]
[Site "Vallhall, Oslo"]
[Date "2023.07.08"]
[Round "9"]
[White "Skotheim, Andreas"]
[Black "Engelsen, Teodor Tenfjord"]
[Result "1-0"]
[WhiteTitle "CM"]
[WhiteElo "2241"]
[BlackElo "1977"]
[TimeControl "40/5400+30:1800+30"]
[BlackFideId "45188521"]
[WhiteFideId "1518526"]

1. e4 c5 2. Nf3 Nc6 3. Bb5 e5 4. O-O Bd6 5. c3 a6 6. Ba4 b5 7. Bb3 c4 8.
Bc2 Nge7 9. d4 cxd3 10. Qxd3 Bc7 11. Rd1 O-O 12. Nbd2 Ng6 13. Nf1 Nf4 14.
Bxf4 exf4 15. e5 g6 16. Qe4 Qe7 17. Re1 f6 18. Qd5+ Kg7 19. e6 Rb8 20. Rad1
Ne5 21. Nxe5 fxe5 22. exd7 Bb7 23. Qd2 Rbd8 24. Be4 Bxe4 25. Rxe4 Rf7 26.
Re2 Rxd7 27. Qxd7 Qxd7 28. Rxd7 Rxd7 29. Rd2 Re7 30. Re2 Kf6 31. Nd2 Kf5
32. f3 g5 33. h3 h5 34. Ne4 g4 35. Kf1 a5 36. Rd2 gxh3 37. gxh3 Rg7 38. Rg2
Rxg2 39. Kxg2 Ke6 40. Kf1 Bd8 41. Ke2 Kd5 42. Kd3 a4 43. b3 axb3 44. axb3
h4 45. c4+ bxc4+ 46. bxc4+ Kc6 47. Kc3 Be7 48. Nd2 Bd8 49. Nb3 Bb6 50. Kd3
Kd6 51. Ke4 Ke6 52. Nc1 Bc5 53. Nd3 Bd6 54. c5 Bb8 55. Nb4 Ba7 56. Na6 Kd7
57. Kd5 Kc8 58. c6 Bd4 59. Nb4 Kc7 60. Nd3 Be3 61. Nxe5 Bf2 62. Ng6 Bg3 63.
Nf8 Kc8 64. Ne6 Bh2 65. Kd6 Bg1 66. Ke5 Bh2 67. Kd6 Bg1 68. Nf8 Bf2 69. Ng6
Be1 70. Ne7+ 1-0

[Event "Landsturneringen 2023"]
[Site "Vallhall, Oslo"]
[Date "2023.07.08"]
[Round "9"]
[White "Aulin-Jansson, Jøran"]
[Black "Manne, Per Erik"]
[Result "1/2-1/2"]
[WhiteTitle "FM"]
[BlackTitle "FM"]
[WhiteElo "2140"]
[BlackElo "2197"]
[TimeControl "40/5400+30:1800+30"]
[BlackFideId "1502867"]
[WhiteFideId "1500279"]

1. d4 Nf6 2. Nf3 e6 3. Bf4 d5 4. e3 c5 5. Nbd2 Bd6 6. Bg3 Qc7 7. c3 Nbd7 8.
Rc1 O-O 9. c4 Bxg3 10. hxg3 cxd4 11. exd4 Qa5 12. Bd3 e5 13. Nxe5 dxc4 14.
Nxc4 Qd5 15. Nf3 h6 16. O-O b5 17. Nce5 Qxa2 18. Bxb5 Nb6 19. Qe2 Bb7 20.
Rc7 Bd5 21. Rfc1 Rac8 22. R7c5 Ne4 23. Rxc8 Rxc8 24. Rxc8+ Nxc8 25. Bc4
Bxc4 26. Nxc4 Ncd6 27. Nxd6 Nxd6 28. Qe5 Qb1+ 29. Kh2 Ne4 30. Qe8+ Kh7 31.
Qxf7 Nxf2 32. Ng5+ hxg5 33. Qxf2 Qd1 34. Qf5+ Kh6 35. d5 g6 36. Qe6 Qh5+
37. Qh3 Kg7 38. g4 Qxh3+ 39. gxh3 Kf6 40. Kg3 Ke5 41. h4 Kxd5 42. h5 gxh5
43. gxh5 Ke5 1/2-1/2